 Dungeon Crawl Stone Soup version 0.26-a0-651-gb41185065b (webtiles) character file.

Game seed: 6490513489752765355

(classic levelgen) 13084 EnegeticOcto the Cleaver (level 11, -26/103 HPs)
             Began as a Deep Dwarf Fighter on Oct 17, 2020.
             Was a Priest of Makhleb.
             Annihilated by a white ugly thing (27 damage)
             ... on level 11 of the Dungeon.
             The game lasted 00:05:05 (6414 turns).

EnegeticOcto the Cleaver (Deep Dwarf Fighter)       Turns: 6414, Time: 00:05:05

Health: -26/103    AC: 17    Str: 24    XL:     11   Next: 70%
Magic:  4/4        EV:  6    Int:  8    God:    Makhleb [***...]
Gold:   528        SH: 12    Dex: 12    Spells: 10/10 levels left

rFire    . . .     SeeInvis .   a - +1 war axe
rCold    . . .     Faith    .   c - +0 kite shield
rNeg     . . .     Spirit   .   v - +0 plate armour
rPois    +         Reflect  .   (no helmet)
rElec    .         Harm     .   o - +2 cloak {rPois}
rCorr    .         Rampage  .   (no gloves)
MR       +....                  (no boots)
Stlth    ..........             (no amulet)
HPRegen  0.00/turn              (no ring)
MPRegen  0.09/turn              (no ring)

@: non-regenerating
A: damage resistance, heal wounds, sense surroundings 2, no regeneration
a: Heal Wounds, Minor Destruction, Lesser Servant of Makhleb, Renounce Religion


You were on level 11 of the Dungeon.
You worshipped Makhleb.
Makhleb was most pleased with you.
You visited 2 branches of the dungeon, and saw 12 of its levels.

You collected 528 gold pieces.

Inventory:

Hand Weapons
 a - a +1 war axe (weapon)
Armour
 c - a +0 kite shield (worn)
 o - a +2 cloak of poison resistance (worn)
 v - a +0 plate armour (worn)
Wands
 p - a wand of acid (4) {@v1}
 t - a wand of enslavement (9)
 z - a wand of polymorph (9)
Scrolls
 e - 3 scrolls of fog
 f - 2 scrolls of remove curse {@r2}
 k - 4 scrolls of teleportation {@r3}
 s - a scroll of magic mapping {@r5}
 x - 3 scrolls of enchant armour
 y - a scroll of enchant weapon
 A - a scroll of identify {@r1}
 B - a scroll of noise {unknown}
Potions
 b - 7 potions of curing {@q1}
 d - 6 potions of might {@q3}
 g - a potion of cancellation
 h - a potion of berserk rage
 i - a potion of ambrosia
 j - 6 potions of haste {@q4}
 l - a potion of degeneration
 m - a potion of invisibility
 n - 2 potions of flight
 q - a potion of stabbing
 r - 2 potions of magic {unknown}
 u - 2 potions of lignification {unknown}
 w - 2 potions of heal wounds {unknown}


   Skills:
 + Level 7.8 Fighting
 * Level 12.5 Axes
 + Level 9.6 Armour
 + Level 9.5 Shields
 + Level 7.2 Invocations


You had 10 spell levels left.
You didn't know any spells.
Your spell library was empty.

Dungeon Overview and Level Annotations

Branches:
Dungeon (11/15)            Temple (1/1) D:7            Lair (0/6) D:11
    Orc: D:9-12

Altars:
Ashenzari
Cheibriados
Dithmenos
Elyvilon
Fedhas
Gozag
Hepliaklqana
Kikubaaqudgha
Makhleb
Nemelex Xobeh
Okawaru
Qazlal
Ru
Sif Muna
Uskayaw
Vehumet
Wu Jian
Xom
Yredelemnul
Zin
The Shining One

Shops:
D:5 [*!   D:7 ?

Annotations:
D:4 4 runed translucent doors
D:9 exclusion: door


Innate Abilities, Weirdness & Mutations

You are resistant to damage.
You can heal yourself by infusing magical energy.
You passively map the area around you.
You do not regenerate.


Message History

You hit the worker ant. The white ugly thing barely misses you.
You block the worker ant's attack.
You closely miss the worker ant.
The worker ant is severely wounded.
You hit the white ugly thing but do no damage.
The white ugly thing stings you! The white ugly thing freezes you!!
You block the worker ant's attack.
You are too injured to fight recklessly!
You are too injured to fight recklessly!
You are too injured to fight recklessly!
You are too injured to fight recklessly!
You are too injured to fight recklessly!
You are too injured to fight recklessly!
You are too injured to fight recklessly!
You are too injured to fight recklessly!
You are too injured to fight recklessly!
You are too injured to fight recklessly!
You are too injured to fight recklessly!
You are too injured to fight recklessly!
You are too injured to fight recklessly!
You are too injured to fight recklessly!
You are too injured to fight recklessly!
You are too injured to fight recklessly!
You feel much better.
The white ugly thing stings you but does no damage.
The worker ant bites you.
You feel much better. You block the worker ant's attack.
You block the white ugly thing's attack.
You barely miss the worker ant.
The worker ant is severely wounded.
Your plate armour prevents you from hitting the white ugly thing.
You block the worker ant's attack.
The white ugly thing stings you but does no damage.
You block the worker ant's attack.
You completely miss the worker ant.
The worker ant is severely wounded.
You closely miss the white ugly thing.
The white ugly thing stings you but does no damage.
You block the worker ant's attack.
You slash the worker ant!
You kill the worker ant!
Makhleb accepts your kill.
You feel better.
You slash the white ugly thing!
You block the white ugly thing's attack.
You closely miss the white ugly thing.
The white ugly thing is moderately wounded.
The white ugly thing stings you but does no damage.
Your plate armour prevents you from hitting the white ugly thing.
The white ugly thing is moderately wounded.
The white ugly thing stings you! The white ugly thing freezes you!
You hit the white ugly thing.
The white ugly thing is moderately wounded.
The white ugly thing stings you! The white ugly thing freezes you!
You slash the white ugly thing!
The white ugly thing is heavily wounded.
The white ugly thing stings you but does no damage.
You slash the white ugly thing!
The white ugly thing is severely wounded.
The white ugly thing stings you but does no damage.
You slash the white ugly thing!
The white ugly thing is almost dead.
You hear the loud crackling of a distant melting archway.
The white ugly thing stings you but does no damage.
You hit the white ugly thing but do no damage.
The white ugly thing is almost dead.
The white ugly thing stings you! The white ugly thing freezes you!!
* * * LOW HITPOINT WARNING * * *
You are too injured to fight recklessly!
You are too injured to fight recklessly!
You are too injured to fight recklessly!
You are too injured to fight recklessly!
You are too injured to fight recklessly!
You are too injured to fight recklessly!
You are too injured to fight recklessly!
You are too injured to fight recklessly!
You are too injured to fight recklessly!
You are too injured to fight recklessly!
You are too injured to fight recklessly!
You are too injured to fight recklessly!
You are too injured to fight recklessly!
You are too injured to fight recklessly!
You are too injured to fight recklessly!
You are too injured to fight recklessly!
You are too injured to fight recklessly!
You feel much better. The white ugly thing stings you!
* * * LOW HITPOINT WARNING * * *
The white ugly thing freezes you!
* * * LOW HITPOINT WARNING * * *
You hit the white ugly thing but do no damage.
The white ugly thing is almost dead.
You block the white ugly thing's attack.
You closely miss the white ugly thing.
The white ugly thing is almost dead.
The white ugly thing stings you but does no damage.
You barely miss the white ugly thing.
The white ugly thing is almost dead.
The white ugly thing stings you!
* * * LOW HITPOINT WARNING * * *
The white ugly thing freezes you!!
You die...

....:..# , *,,,
,*##....#....#.. ....(..+, *
,, ##...'....#.. #......#
###+### ##..#.##.### .......#
,#.....# ##.#.##....
.P..#..#* ,#..)..#
*###.##.... .......# ,
,+.(.$.+ **#.##....
.......###* ,#..)..# #.......
.PP....#.## ,#.†.u.# ,
#.#'#... P..P...#..##*###@###
,, ,#...#...
.P.....'...###.....##
+...#...
.P.P...#†...###.....##*
,#...####
P..P...#.....###.....##
#.####..
.PP....##.....###.....## #.#
#.. .P.....###.....###..†..#
#. #..
...##..#####'#######'####..
#.. #..
#.........))...........# #..
#.
#.......####'.#############'#


You could see a white ugly thing.

Vanquished Creatures
  2 two-headed ogres
  Pikel (D:4)
  4 ugly things (D:11)
  2 gargoyles
  A hornet (D:8)
  3 hippogriffs
  2 shadows
  11 yaks
  Menkaure (D:4)
  A soldier ant (D:11)
  3 porcupines (D:11)
  2 ice beasts
  4 orc warriors
  3 sky beasts
  A black bear (D:11)
  2 ogres
  12 centaurs
  3 lemures (D:4)
  10 bullfrogs
  2 scorpions
  A water moccasin skeleton (D:5)
  16 killer bees
  10 wights
  2 electric eels (D:7)
  6 howler monkeys
  2 bullfrog zombies
  A quasit (D:6)
  4 orc priests
  6 jellies
  11 orc wizards
  Crazy Yiuf (D:4)
  A centaur zombie (D:8)
  3 centaur skeletons
  4 hounds
  Ijyb (D:4)
  2 bullfrog skeletons
  4 iguanas
  14 worker ants
  A hound zombie (D:11)
  A hound skeleton (D:4)
  3 worker ant zombies
  4 gnolls (D:5)
  7 adders
  2 shadow imps
  6 white imps
  2 ufetubi
  An ooze (D:3)
  An adder zombie (D:8)
  A worm (D:5)
  6 leopard geckos
  38 orcs
  A bat (D:3)
  A giant cockroach (D:4)
  2 goblins
  A hobgoblin (D:3)
  12 jackals
  3 quokkas
  A ball python (D:5)
  A frilled lizard (D:4)
  A kobold (D:1)
  A leopard gecko skeleton (D:5)
  A quokka skeleton (D:4)
  2 rats
  A butterfly (D:7)
260 creatures vanquished.

Vanquished Creatures (others)
  15 fungi (D:11)
  30 plants
45 creatures vanquished.

Grand Total: 305 creatures vanquished

Notes
Turn   | Place    | Note
-------+----------+-------------------------------------------
     0 | D:1      | EnegeticOcto the Deep Dwarf Fighter began the quest for the
                  | Orb.
     0 | D:1      | Reached XP level 1. HP: 20/20 MP: 1/1
   133 | D:3      | Reached XP level 2. HP: 16/27 MP: 2/2
   202 | D:4      | Noticed Menkaure
   204 | D:4      | Found a hide-covered altar of Uskayaw.
   207 | D:4      | Killed Menkaure
   207 | D:4      | Reached skill level 4 in Axes
   207 | D:4      | Reached XP level 3. HP: 17/34 MP: 3/3
   207 | D:4      | Reached XP level 4. HP: 22/42 MP: 4/4
   207 | D:4      | Reached XP level 5. HP: 25/49 MP: 5/5
   356 | D:4      | Noticed a lemure
   358 | D:4      | Noticed a lemure
   360 | D:4      | Noticed Pikel
   364 | D:4      | Noticed a lemure
   367 | D:4      | Noticed a lemure
   372 | D:4      | Killed a lemure
   381 | D:4      | Killed a lemure
   388 | D:4      | Killed a lemure
   391 | D:4      | Killed Pikel
   391 | D:4      | Reached skill level 5 in Axes
   391 | D:4      | Reached skill level 5 in Armour
   391 | D:4      | Reached skill level 5 in Shields
   391 | D:4      | Reached XP level 6. HP: 42/57 MP: 5/5
   391 | D:4      | Reached XP level 7. HP: 47/64 MP: 6/6
   518 | D:4      | Noticed Ijyb
   535 | D:4      | Killed Ijyb
   553 | D:4      | Found a large runed translucent door.
   553 | D:4      | Found a large runed translucent door.
   561 | D:4      | Found a large runed translucent door.
   561 | D:4      | Found a large runed translucent door.
   666 | D:4      | Reached skill level 6 in Axes
   761 | D:4      | Found a runed translucent door.
   762 | D:4      | Noticed Crazy Yiuf
   768 | D:4      | Killed Crazy Yiuf
  1171 | D:5      | Entered Level 5 of the Dungeon
  1383 | D:5      | Found Ukapnekh's Serpentskin Sales.
  1409 | D:5      | Reached XP level 8. HP: 46/73 MP: 7/7
  1509 | D:5      | Found Vaffeha's Antique Armour Shop.
  1637 | D:5      | Reached skill level 7 in Axes
  1764 | D:5      | Found Jehir's Distillery.
  2028 | D:6      | Reached skill level 5 in Fighting
  2132 | D:6      | Reached skill level 8 in Axes
  2427 | D:7      | Noticed a hippogriff
  2439 | D:7      | Killed a hippogriff
  2439 | D:7      | Gained mutation: You passively map the area around you.
                  | [Deep Dwarf growth]
  2439 | D:7      | Reached XP level 9. HP: 51/81 MP: 8/8
  2667 | D:7      | Reached skill level 9 in Axes
  2875 | D:7      | Found a blossoming altar of Fedhas.
  2899 | D:7      | Found a staircase to the Ecumenical Temple.
  2912 | D:7      | Found Leodd's Magic Scroll Shop.
  2931 | Temple   | Entered the Ecumenical Temple
  3534 | D:7      | Found a burning altar of Makhleb.
  3540 | D:7      | Became a worshipper of Makhleb the Destroyer
  3681 | D:8      | Reached skill level 1 in Invocations
  3971 | D:8      | Reached * piety under Makhleb
  4007 | D:8      | Found an ornate altar of the Wu Jian Council.
  4086 | D:8      | Found a sparkling altar of Nemelex Xobeh.
  4152 | D:8      | Paralysed by a hornet for 2 turns
  4158 | D:8      | Paralysed by a hornet for 2 turns
  4169 | D:8      | Reached skill level 10 in Axes
  4205 | D:8      | Found a hazy altar of Hepliaklqana.
  4209 | D:8      | Found an iron altar of Okawaru.
  4215 | D:8      | Found an opulent altar of Gozag.
  4215 | D:8      | Found a shimmering blue altar of Sif Muna.
  4215 | D:8      | Found a white marble altar of Elyvilon.
  4324 | D:8      | Reached XP level 10. HP: 73/92 MP: 8/8
  4391 | D:8      | Found an ornate altar of the Wu Jian Council.
  4507 | D:9      | Found a broken altar of Ashenzari.
  4570 | D:9      | Noticed a two-headed ogre
  4587 | D:9      | Killed a two-headed ogre
  5147 | D:9      | Found a snail-covered altar of Cheibriados.
  5185 | D:10     | Entered Level 10 of the Dungeon
  5188 | D:10     | Reached skill level 11 in Axes
  5190 | D:10     | Noticed a gargoyle
  5200 | D:10     | Noticed a two-headed ogre
  5214 | D:10     | Killed a gargoyle
  5214 | D:10     | Reached skill level 5 in Invocations
  5222 | D:10     | Killed a two-headed ogre
  5228 | D:10     | Reached ** piety under Makhleb
  5348 | D:10     | Reached XP level 11. HP: 95/100 MP: 6/6
  5417 | D:10     | Found the +5 robe of Misfortune {*Contam Harm *Corrode
                  | *Drain *Slow EV+5}
  5897 | D:11     | Noticed a white ugly thing
  5912 | D:11     | Killed a white ugly thing
  5926 | D:11     | Found a staircase to the Lair.
  6024 | D:11     | Reached skill level 12 in Axes
  6031 | D:11     | Reached *** piety under Makhleb
  6120 | D:11     | Noticed a red ugly thing
  6142 | D:11     | Killed a red ugly thing
  6174 | D:11     | Noticed a cyan ugly thing
  6195 | D:11     | Killed a cyan ugly thing
  6209 | D:11     | Noticed a green ugly thing
  6229 | D:11     | Killed a green ugly thing
  6395 | D:11     | Noticed a white ugly thing
  6414 | D:11     | HP: 1/103 [white ugly thing (7)]
  6414 | D:11     | Annihilated by a white ugly thing

Illustrated notes

Levels and vault maps discovered:
D:1:      ncdulo_wetmaze, layout_basic
D:2:      layout_basic, minivault_23
D:3:      layout_rooms, gammafunk_ghost_stat_death, trog_book
D:4:      layout_cave_pods, eat_drink_and_be_merry_uskayaw, serial_park_tiny_2,
          minmay_hollow_rounded_squares, uniq_crazy_yiuf_cottage, uniq_ijyb,
          uniq_menkaure, uniq_pikel
D:5:      layout_cave_pods, serial_shops, shop, shop_statue,
          hangedman_decor_clover_reticule, guppyfry_shop_venom
D:6:      layout_rooms
D:7:      layout_loops_ring, lightli_temple_of_fire,
          fedhas_bush_and_centaur_altar, minmay_temple_entry_butterflies,
          serial_shops, nicolae_shop_behind_doors, serial_bayou_lagoon_b
D:8:      layout_basic, nemelex_altar_shiori, marbit_many_paths, minitemple,
          basic_altar
D:9:      layout_loops_ring, cheibrodos_worm_habitat, ashenzari_altar_1
D:10:     layout_long_grid
D:11:     layout_stronghold, due_lair_maze_entry_diamond,
          portal_ice_cave_demonic_guard, st_stairs_7, serial_bayou_pond_c,
          minmay_quadrilaterals, uniq_erica
Temple:   compressed_dpeg_triangle_lava_temple

Skill      XL: |  1  2  3  4  5  6  7  8  9 10 11 |
---------------+----------------------------------+-----
Fighting       | 3 4 5 6 7 |  7.8
Axes           | 4 5 6 8 10 11 12 | 12.5
Armour         | 4 5 6 7 8 9 |  9.6
Shields        | 4 5 6 7 8 9 |  9.5
Invocations    | 3 5 7 |  7.2

Action                   |  1- 3 |  4- 6 |  7- 9 | 10-12 || total
-------------------------+-------+-------+-------+-------++-------
Melee: War axe           |    56 |    58 |   499 |   484 ||  1097
 Abil: Heal Wounds       |     1 |     4 |    13 |    35 ||    53
  Use: Scroll            |       |       |    18 |     3 ||    21
Armor: Scale mail        |     8 |       |       |       ||     8
       Chain mail        |    11 |    35 |   113 |       ||   159
       Plate armour      |       |       |   189 |   306 ||   495
Dodge: Dodged            |    14 |    13 |   107 |   133 ||   267
Block: Kite shield       |    31 |    50 |   290 |   364 ||   735

Table legend: (Time is in decaauts)
 A = Elapsed time spent in this place.
 B = Non-inter-level travel time spent in this place.
 C = Inter-level travel time spent in this place.
 D = Time resting spent in this place.
 E = Time spent auto-exploring this place.
 F = Levels seen in this place.
 G = Mean time per level.
                   A        B        C        D        E       F      G
               +--------+--------+--------+--------+--------+-----+--------+
         Total |   6570 |   6341 |    229 |      0 |   4458 |  12 |  547.5 |
       Dungeon |   6181 |   5957 |    224 |      0 |   4074 |  11 |  561.9 |
        Temple |    389 |    385 |      4 |      0 |    384 |   1 |  389.0 |
               +--------+--------+--------+--------+--------+-----+--------+

Top non-repeatable levels by time:
     D:4: 1004 daAuts
     D:7: 879 daAuts
     D:5: 847 daAuts
     D:8: 833 daAuts
     D:9: 743 daAuts
    D:10: 658 daAuts
    D:11: 559 daAuts
     D:6: 426 daAuts
  Temple: 389 daAuts
     D:3: 114 daAuts
     D:1: 91 daAuts
     D:2: 24 daAuts
